 Dungeon Crawl Stone Soup version 0.26-a0-854-gdc81c2f471 (webtiles) character file.

Game seed: 12250973671847687042

27 Gezukamaru the Insei (level 3, 0/23 HPs)
             Began as an Octopode Transmuter on Nov 22, 2020.
             Slain by a worm (5 damage)
             ... on level 2 of the Dungeon.
             The game lasted 00:03:33 (890 turns).

Gezukamaru the Insei (Octopode Transmuter)           Turns: 890, Time: 00:03:34

Health: 0/23       AC:  1    Str:  9    XL:     3   Next: 10%
Magic:  6/6        EV: 13    Int: 16    God:
Gold:   89         SH:  0    Dex: 12    Spells: 2/6 levels left

rFire    . . .     SeeInvis .     - Unarmed
rCold    . . .     Faith    .   (no shield)
rNeg     . . .     Spirit   .   (helmet restricted)
rPois    .         Reflect  .   (no amulet)
rElec    .         Harm     .   (no ring)
rCorr    .         Rampage  .   (no ring)
MR       .....                  (no ring)
Stlth    ++........             (no ring)
HPRegen  0.07/turn              (no ring)
MPRegen  0.10/turn              (no ring)
                                (no ring)
                                (no ring)

@: no status effects
A: almost no armour, stealthy swim, amphibious, 8 rings, constrict 8, camouflage
1, gelatinous body 1
a: no special abilities


You were on level 2 of the Dungeon.
You visited 1 branch of the dungeon, and saw 2 of its levels.

You collected 89 gold pieces.

Inventory:

Hand Weapons
 f - a +0 dagger of holy wrath
Missiles
 c - 13 poisoned darts (quivered)
Scrolls
 b - a scroll of remove curse {unknown}
 d - a scroll of enchant armour {unknown}
Potions
 a - 2 potions of curing {unknown}
 e - a potion of might {unknown}


   Skills:
 + Level 1.5 Fighting
 + Level 2.3 Dodging
 + Level 0.1 Stealth
 + Level 3.2 Unarmed Combat
 * Level 2.3 Spellcasting
 + Level 2.3 Transmutations


You had 2 spell levels left.
You knew the following spells:

 Your Spells              Type           Power        Failure   Level
a - Beastly Appendage     Tmut           #.....       8%          1
b - Spider Form           Tmut/Pois      #.........   36%         3

Your spell library contained the following spells:

 Spells                   Type           Power        Failure   Level
 Wereblood                Tmut           #.......     12%         2
 Ice Form                 Ice/Tmut       #.......     77%         4
 Blade Hands              Tmut           #.........   91%         5


Dungeon Overview and Level Annotations

Branches:
Dungeon (2/15)

Altars:


Innate Abilities, Weirdness & Mutations

You cannot wear most types of armour.
You are very stealthy in the water. (Stealth+)
You are amphibious.
You can wear up to eight rings at the same time.
You can use your tentacles to constrict eight enemies at once.
Your skin changes colour to match your surroundings (Stealth+).
Your rubbery body absorbs attacks. (AC +1, EV +1)


Message History

The kobold shouts!
The worm bites you!
Unknown command.
You tentacle-slap the worm. Your grab misses the worm.
The worm is moderately wounded.
You tentacle-slap the worm. You grab the worm.
The worm is heavily wounded.
You constrict the worm. The worm barely misses you.
You tentacle-slap the worm.
The worm is severely wounded.
You constrict the worm, but do no damage.
The worm bites you!
* * * LOW HITPOINT WARNING * * *
You tentacle-slap the worm.
The worm is severely wounded.
You constrict the worm.
You tentacle-slap the worm but do no damage.
The worm is severely wounded.
You constrict the worm. The worm bites you.
You die...

...... ....#
..... ... .K.
.### #K#
....#+#w#
.......@#
#.......# .
#.......# ...
#.......##.....
#......<......#
#.......#......
.........?..###
.....##.......
..... .###.....


You could see a worm and 2 kobolds.

Vanquished Creatures
  4 dart slugs (D:1)
  A giant cockroach (D:1)
  3 hobgoblins (D:1)
  3 bats (D:1)
  4 frilled lizards (D:1)
  2 goblins (D:1)
  A kobold (D:1)
  3 rats (D:1)
21 creatures vanquished.

Notes
Turn   | Place    | Note
-------+----------+-------------------------------------------
     0 | D:1      | Gezukamaru the Octopode Transmuter began the quest for the
                  | Orb.
     0 | D:1      | Reached XP level 1. HP: 13/13 MP: 3/3
   191 | D:1      | Reached XP level 2. HP: 18/18 MP: 5/5
   636 | D:1      | Reached XP level 3. HP: 19/23 MP: 6/6
   861 | D:1      | Learned a level 3 spell: Spider Form
   890 | D:2      | Slain by a worm

Illustrated notes

Levels and vault maps discovered:
D:1:      wander_arrival_desolate, layout_loops_ring
D:2:      minmay_alternating_diamond, layout_basic,
          nicolae_ru_sacrificial_ziggurat, tgw_xom

Action                   || total
-------------------------++-------
Melee: Unarmed           ||    51
       Constrict         ||    14
       Tentacles         ||     9
       Punch             ||     1
 Stab: Sleeping          ||     7
Armor: Skin              ||    10
Dodge: Dodged            ||    25

Table legend: (Time is in decaauts)
 A = Elapsed time spent in this place.
 B = Non-inter-level travel time spent in this place.
 C = Inter-level travel time spent in this place.
 D = Time resting spent in this place.
 E = Time spent auto-exploring this place.
 F = Levels seen in this place.
 G = Mean time per level.
                   A        B        C        D        E       F      G
               +--------+--------+--------+--------+--------+-----+--------+
         Total |    886 |    866 |     20 |      0 |    678 |   2 |  443.0 |
       Dungeon |    886 |    866 |     20 |      0 |    678 |   2 |  443.0 |
               +--------+--------+--------+--------+--------+-----+--------+

Top non-repeatable levels by time:
     D:1: 878 daAuts
     D:2: 8 daAuts
